 Dungeon Crawl Stone Soup version 0.28.0-43-g3370ac3207 (webtiles) character file.

Game seed: 5167699254862521869

464 DoubleLucky the Firebug (level 6, -1/51 HPs)
             Began as a Draconian Fire Elementalist on Mar 24, 2022.
             Slain by an ogre
             ... wielding a +0 giant spiked club
              (12 damage)
             ... on level 5 of the Dungeon.
             The game lasted 00:14:21 (5294 turns).

DoubleLucky the Firebug (DrFE)                      Turns: 5294, Time: 00:14:21

Health: -1/51      AC:  8    Str: 11    XL:     6   Next: 80%
Magic:  7/11       EV: 12    Int: 17    God:
Gold:   152        SH:  0    Dex: 11    Spells: 9/12 levels left

rFire   . . .      SeeInvis .   a - +1 dagger (speed)
rCold   . . .      Faith    .   (no shield)
rNeg    . . .      Spirit   .   (armour unavailable)
rPois   .          Reflect  .   (helmet restricted)
rElec   .          Harm     .   o - +1 cloak
rCorr   .          Rampage  .   (no gloves)
Will    .....                   (no boots)
Stlth   ++........              (no amulet)
HPRegen 0.17/turn               (no ring)
MPRegen 0.12/turn               (no ring)

@: no status effects
A: AC +6, unfitting armour, cold-blooded
a: no special abilities


You were on level 5 of the Dungeon.
You visited 2 branches of the dungeon, and saw 8 of its levels.

You collected 152 gold pieces.

Inventory:

Hand Weapons
 a - a +1 dagger of speed (weapon)
Missiles
 l - a throwing net
Armour
 d - a +0 cloak
 o - a +1 cloak (worn)
Jewellery
 r - a ring of ice
Wands
 i - a wand of iceblast (10)
 u - a wand of paralysis (4)
Scrolls
 h - a scroll of amnesia
 j - a scroll of fog {unknown}
 k - a scroll of enchant armour {unknown}
 m - 2 scrolls of teleportation {unknown}
 t - a scroll of torment {unknown}
Potions
 b - 2 potions of ambrosia
 c - 3 potions of curing
 e - a potion of degeneration {unknown}
 f - a potion of heal wounds {unknown}
 g - 2 potions of attraction
 n - a potion of flight {unknown}
 p - 2 potions of lignification {unknown}
 q - a potion of mutation {unknown}


   Skills:
 + Level 3.3 Fighting
 - Level 1.7 Dodging
 - Level 1.7 Stealth
 + Level 3.8 Spellcasting
 + Level 3.6 Conjurations
 + Level 4.6 Fire Magic


You had 9 spell levels left.
You knew the following spells:

 Your Spells              Type           Power      Damage    Failure   Level
a - Foxfire               Conj/Fire      68%        2x1d7     3%          1
b - Scorch                Fire           38%        2d7       3%          2

Your spell library contained the following spells:

 Spells                   Type           Power      Damage    Failure   Level
 Conjure Flame            Conj/Fire      17%        6-21      9%          3
 Sting                    Tmut/Pois      12%        1d3       16%         1
 Inner Flame              Hex/Fire       11%        N/A       19%         3
 Poisonous Vapours        Pois/Air       6%         N/A       24%         2
 Flame Wave               Conj/Fire      17%        2d6       28%         4
 Olgreb's Toxic Radiance  Pois           3%         N/A       85%         4


Dungeon Overview and Level Annotations

Branches:
Dungeon (7/15)             Temple (1/1) D:4

Altars:
Ashenzari
Dithmenos
Fedhas
Gozag
Kikubaaqudgha
Makhleb
Okawaru
Ru
Sif Muna
Trog
Wu Jian
Xom
Yredelemnul
Zin
The Shining One

Annotations:
D:2 1 runed translucent door, Crazy Yiuf


Innate Abilities, Weirdness & Mutations

Your plain brown scales are hard. (AC +6)
You cannot fit into any form of body armour.
You are cold-blooded and may be slowed by cold attacks.


Message History

Found a ring mail.
The foxfire hits the ogre.
The ogre is heavily wounded.
The foxfire hits the shadow imp but does no damage.
Casting: Foxfire (safe; 3% risk of failure)
Confirm with . or Enter, or press ? or * to list all spells.
You conjure some foxfire!
The foxfire hits the ogre.
The ogre is heavily wounded.
The foxfire hits the shadow imp.
The shadow imp is moderately wounded.
Your magical contamination has completely faded away.
Casting: Foxfire (safe; 3% risk of failure)
Confirm with . or Enter, or press ? or * to list all spells.
You conjure some foxfire!
The foxfire hits the shadow imp.
The shadow imp is severely wounded.
The ogre hits you with a +0 giant spiked club!
The foxfire hits the ogre.
The ogre is heavily wounded.
Casting: Foxfire (safe; 3% risk of failure)
Confirm with . or Enter, or press ? or * to list all spells.
Flames lash the bullfrog skeleton.
The bullfrog skeleton is heavily damaged.
The bullfrog skeleton's fire resistance burns away.
You hear the slow rusting of a drain nearby.
The shadow imp gestures at you. Pain shoots through your body!
The shadow imp shouts, "Give up, thou currish knotty-pated apple-john!"
Found a potion of curing.
Found a scroll of identify.
The bullfrog skeleton is no longer more vulnerable to fire.
An ogre comes into view. It is wielding a +0 giant spiked club.
Found 18 gold pieces.
The ogre shouts!
The shadow imp sputters.
Found a scroll of identify.
The ogre hits you with a +0 giant spiked club!!
* * * LOW HITPOINT WARNING * * *
The ice beast barely misses you.
You see here 18 gold pieces.
The ogre hits you with a +0 giant spiked club!
You die...

... ... .....
.......#####
...............#.?.###
...[....##...........#
..............##....#
.##........?....@...###
.#....##.......O$.....#
.#........Z...OY.....##
.........#.5.........#
.........#.......#####
.............#####
.........#...#
#........##..#
##......######


You could see an ice beast, 2 ogres, a shadow imp and a bullfrog skeleton.

Vanquished Creatures
  A water moccasin skeleton (D:4)
  A hound (D:6)
  Jessica (D:3)
  Ijyb (D:4)
  Natasha (thrice) (D:3)
  2 orc wizards (D:4)
  A hound skeleton (D:3)
  Robin (D:2)
  6 adders
  An adder skeleton (D:4)
  2 worms (D:2)
  4 dart slugs
  3 orcs
  7 ball pythons
  8 bats
  7 endoplasms
  3 giant cockroaches
  21 goblins
  8 hobgoblins
  7 jackals (D:3)
  6 quokkas
  5 frilled lizards
  9 kobolds
  6 rats
114 creatures vanquished.

Vanquished Creatures (others)
  292 foxfires
292 creatures vanquished.

Grand Total: 406 creatures vanquished

Notes
Turn   | Place    | Note
-------+----------+-------------------------------------------
     0 | D:1      | DoubleLucky the Draconian Fire Elementalist began the quest
                  | for the Orb.
     0 | D:1      | Reached XP level 1. HP: 14/14 MP: 3/3
   274 | D:1      | Reached XP level 2. HP: 20/20 MP: 0/5
   441 | D:1      | Found a faded altar of an unknown god.
   798 | D:1      | Reached XP level 3. HP: 26/26 MP: 3/6
  1488 | D:2      | Noticed Robin
  1501 | D:2      | Reached skill level 1 in Fighting
  1702 | D:2      | Learned a level 2 spell: Scorch
  1735 | D:2      | Reached XP level 4. HP: 35/35 MP: 4/8
  1883 | D:2      | Identified the +1 robe of Zoma {rElec Str+5}
  1964 | D:2      | Found a runed translucent door.
  1965 | D:2      | Noticed Crazy Yiuf
  2058 | D:2      | Killed Robin
  2800 | D:3      | Noticed Natasha
  2987 | D:3      | Reached XP level 5. HP: 41/41 MP: 6/9
  3280 | D:3      | Killed Natasha
  3281 | D:3      | Reached skill level 4 in Fire Magic
  3419 | D:3      | Noticed Natasha
  3426 | D:3      | Killed Natasha
  3432 | D:3      | Noticed Natasha
  3434 | D:3      | Killed Natasha
  3864 | D:3      | Noticed Jessica
  3874 | D:3      | Killed Jessica
  4037 | D:4      | Reached XP level 6. HP: 50/50 MP: 6/11
  4173 | D:4      | Noticed Ijyb
  4420 | D:4      | Found a staircase to the Ecumenical Temple.
  4429 | Temple   | Entered the Ecumenical Temple
  4914 | D:4      | Paralysed by Ijyb for 3 turns
  4919 | D:4      | Killed Ijyb
  5173 | D:4      | You fall into a shaft and drop 3 floors!
  5211 | D:6      | Noticed an orc warrior
  5226 | D:5      | Entered Level 5 of the Dungeon
  5233 | D:5      | Noticed an ice beast
  5294 | D:5      | Slain by an ogre

Illustrated notes

Levels and vault maps discovered:
D:1:      wander_arrival_estate, layout_basic,
          ebering_ecumenical_altar_sacrificial, chequers_arboretum,
          minmay_split_cup_large
D:2:      layout_loops_ring, uniq_crazy_yiuf_cottage, uniq_robin
D:3:      layout_basic, uniq_jessica, uniq_natasha
D:4:      layout_loops_ring, minmay_temple_entry_trees,
          chequers_serial_rivers_micro_e, minmay_large_rounded_square, uniq_ijyb
D:5:      layout_cave_pools, elyvilon_altar_1, gup_sewer_entry_spiral,
          skrybe_limestone_x
D:6:      layout_loops_ring, nemelex_spade_bored_becter,
          hangedman_abyss_or_decor_stabs
D:7:      layout_basic, minitemple
Temple:   regret_index_temple_generic_petals

Skill      XL: |  1  2  3  4  5  6 |
---------------+-------------------+-----
Conjurations   | 2 3 |  3.6
Fighting       | 1 2 3 |  3.3
Spellcasting   | 3 |  3.8
Fire Magic     | 4 |  4.6
Dodging        | |  1.7
Stealth        | |  1.7

Action                   |  1- 3 |  4- 6 || total
-------------------------+-------+-------++-------
Melee: Unarmed           |     1 |       ||     1
       Dagger            |    36 |    45 ||    81
       Tailslap          |     2 |     7 ||     9
       Punch             |     1 |       ||     1
 Cast: Foxfire           |    81 |   107 ||   188
       Scorch            |       |    28 ||    28
  Use: Scroll            |       |     4 ||     4
 Stab: Sleeping          |       |     2 ||     2
Armor: Skin              |    15 |    19 ||    34
Dodge: Dodged            |    31 |    33 ||    64
